 Dungeon Crawl Stone Soup version 0.27-a0-797-g27d10ad80f (webtiles) character file.

Game seed: 5350375809267105086

282 pkoi the Slasher (level 6, -9/51 HPs)
             Began as a Minotaur Gladiator on Mar 28, 2021.
             Was a Follower of Dithmenos.
             Succumbed to a scorpion's poison
             ... on level 6 of the Dungeon.
             The game lasted 00:02:55 (2465 turns).

pkoi the Slasher (Minotaur Gladiator)               Turns: 2465, Time: 00:02:55

Health: -9/51      AC:  3    Str: 21    XL:     6   Next: 6%
Magic:  5/5        EV: 12    Int: 11    God:    Dithmenos [*.....]
Gold:   165        SH:  0    Dex: 11    Spells: 5/5 levels left

rFire    . . .     SeeInvis .   a - +0 long sword
rCold    . . .     Faith    .   (no shield)
rNeg     . . .     Spirit   .   b - +0 leather armour
rPois    .         Reflect  .   c - +0 hat
rElec    .         Harm     .   (no cloak)
rCorr    .         Rampage  .   (no gloves)
Will     .....                  (no boots)
Stlth    +.........             (no amulet)
HPRegen  0.17/turn              r - +6 ring of intelligence
MPRegen  0.09/turn              (no ring)

@: lethally poisoned (-9 -> -29), wreathed by umbra
A: horns 2, retaliatory headbutt
a: Renounce Religion


You were on level 6 of the Dungeon.
You worshipped Dithmenos.
Dithmenos was aware of your devotion.
You visited 1 branch of the dungeon, and saw 5 of its levels.

You collected 165 gold pieces.

Inventory:

Hand Weapons
 a - a +0 long sword (weapon)
Missiles
 d - 4 throwing nets (quivered)
Armour
 b - a +0 leather armour (worn)
 c - a +0 hat (worn)
Jewellery
 r - a +6 ring of intelligence (left hand)
Wands
 m - a wand of iceblast (11)
Scrolls
 f - 3 scrolls of identify {unknown}
 g - a scroll of vulnerability {unknown}
 h - 2 scrolls of silence {unknown}
 i - a scroll of enchant weapon {unknown}
 j - a scroll of enchant armour {unknown}
Potions
 e - 2 potions of curing {unknown}
 k - 2 potions of cancellation {unknown}
 l - a potion of attraction {unknown}
 n - a potion of haste {unknown}
 q - a potion of lignification {unknown}
 t - a potion of degeneration {unknown}


   Skills:
 + Level 3.4 Fighting
 + Level 6.7 Long Blades
 + Level 2.7 Throwing
 + Level 2.0 Armour
 + Level 3.9 Dodging


You had 5 spell levels left.
You didn't know any spells.
Your spell library contained the following spells:

 Spells                   Type           Power      Damage    Failure   Level
 Magic Dart               Conj           0%         1d3       38%         1
 Blink                    Tloc           N/A        N/A       52%         2
 Call Imp                 Summ           0%         N/A       52%         2
 Slow                     Hex            0%         N/A       52%         2
 Conjure Flame            Conj/Fire      0%         6-21      77%         3
 Mephitic Cloud           Conj/Pois/Air  0%         N/A       77%         3


Dungeon Overview and Level Annotations

Branches:
Dungeon (4/15)
 Temple: D:4-7

Altars:
Dithmenos
Fedhas
Trog
The Shining One


Innate Abilities, Weirdness & Mutations

You have a pair of horns on your head.
You reflexively headbutt those who attack you in melee.


Message History

Things that are here:
a +0 dagger; a +0 robe; an orc corpse
Things that are here:
a +0 dagger; a +0 dagger The bullfrog skeleton closely misses you.
You riposte.
You slash the bullfrog skeleton!
The bullfrog skeleton is heavily damaged.
You slash the bullfrog skeleton!
The bullfrog skeleton is almost destroyed.
The bullfrog skeleton misses you.
You slash the bullfrog skeleton!
You destroy the bullfrog skeleton!
Dithmenos accepts your kill.
Your Armour skill increases to level 2!
You have reached level 6!
Your experience leads to an increase in your attributes!
Your base attributes are Str 20, Int 5, Dex 11.
Increase (S)trength, (I)ntelligence, or (D)exterity?
You feel stronger.
You start resting.
A scorpion is nearby!
Things that are here:
a +0 dagger; a +0 dagger You hit the scorpion.
The scorpion is moderately wounded.
The scorpion stings you!
* * * LOW HITPOINT WARNING * * *
You hit the scorpion but do no damage.
The scorpion is moderately wounded.
The scorpion stings you.
* * * LOW HITPOINT WARNING * * *
You hit the scorpion. You headbutt the scorpion!
The scorpion is almost dead.
The scorpion stings you!
* * * LOW HITPOINT WARNING * * *
You are lethally poisoned!
The scorpion poisons you!
You hit the scorpion but do no damage. Your headbutt misses the scorpion.
The scorpion is almost dead.
You die...

...#.
s....##
......####
.......
#....
#).####
#.†..#
##s####
#@## #.#
###


You could see a scorpion.

Vanquished Creatures
  A howler monkey (D:6)
  A bullfrog skeleton (D:6)
  An orc priest (D:6)
  An orc wizard (D:6)
  2 hound skeletons (D:3)
  4 adders
  A howler monkey skeleton (D:4)
  2 adder skeletons (D:3)
  A worm (D:3)
  2 dart slugs
  6 orcs
  5 endoplasms
  5 giant cockroaches
  7 goblins
  7 hobgoblins
  6 jackals
  2 quokkas
  2 ball pythons (D:2)
  A ball python skeleton (D:3)
  7 bats
  3 frilled lizards
  8 kobolds
  4 rats
79 creatures vanquished.

Vanquished Creatures (others)
  2 plants (D:4)
  3 withered plants (D:3)
5 creatures vanquished.

Grand Total: 84 creatures vanquished

Notes
Turn   | Place    | Note
-------+----------+-------------------------------------------
     0 | D:1      | pkoi the Minotaur Gladiator began the quest for the Orb.
     0 | D:1      | Reached XP level 1. HP: 18/18 MP: 0/0
    88 | D:1      | Reached skill level 4 in Long Blades
   183 | D:1      | Reached XP level 2. HP: 25/25 MP: 1/1
   595 | D:2      | Reached skill level 5 in Long Blades
   630 | D:2      | Reached XP level 3. HP: 30/30 MP: 2/2
  1023 | D:2      | You fall into a shaft and drop 2 floors!
  1098 | D:4      | Reached skill level 6 in Long Blades
  1098 | D:4      | Reached XP level 4. HP: 31/37 MP: 3/3
  1242 | D:4      | Found a glowing golden altar of the Shining One.
  1286 | D:4      | Found a bloodstained altar of Trog.
  1288 | D:4      | Found a shadowy altar of Dithmenos.
  1289 | D:4      | Found a blossoming altar of Fedhas.
  1527 | D:4      | Became a worshipper of Dithmenos the Shadowed
  1777 | D:2      | Found a blossoming altar of Fedhas.
  2188 | D:3      | Reached * piety under Dithmenos
  2236 | D:3      | Reached skill level 1 in Armour
  2236 | D:3      | Reached XP level 5. HP: 39/44 MP: 4/4
  2378 | D:3      | You fall into a shaft and drop 3 floors!
  2447 | D:6      | Reached XP level 6. HP: 17/51 MP: 5/5
  2465 | D:6      | Succumbed to a scorpion's poison

Illustrated notes

Levels and vault maps discovered:
D:1:      amcnicky_arrival_double_pillar, layout_rooms, minmay_three_crescents
D:2:      layout_basic, fedhas_altar_1
D:3:      layout_rooms, serial_undead, serial_undead_b, serial_undead_b,
          serial_undead_e, serial_undead_f, minivault_27
D:4:      layout_loops_ring, lemuel_crystal_altar,
          gammafunk_temple_overflow_forgotten, grunt_decor_junction,
          uniq_menkaure, uniq_eustachio
D:6:      layout_layer_cave, minmay_temple_entry_waves, portal_sewer_entry_a,
          gammafunk_ghost_smash, uniq_blork_the_orc

Skill      XL: |  1  2  3  4  5 |
---------------+----------------+-----
Long Blades    | 4 5 6 |  6.7
Armour         | 1 2 |  2.0
Fighting       | 3 |  3.4
Throwing       | |  2.7
Dodging        | |  3.9

Action                   |  1- 3 |  4- 6 || total
-------------------------+-------+-------++-------
Melee: Long sword        |    53 |    84 ||   137
       Headbutt          |     8 |    12 ||    20
  Use: Scroll            |       |     3 ||     3
Armor: Leather armour    |    10 |    12 ||    22
Dodge: Dodged            |    47 |    51 ||    98
       Rpst.: Long sword |    11 |    14 ||    25

Table legend: (Time is in decaauts)
 A = Elapsed time spent in this place.
 B = Non-inter-level travel time spent in this place.
 C = Inter-level travel time spent in this place.
 D = Time resting spent in this place.
 E = Time spent auto-exploring this place.
 F = Levels seen in this place.
 G = Mean time per level.
                   A        B        C        D        E       F      G
               +--------+--------+--------+--------+--------+-----+--------+
         Total |   2480 |   2434 |     46 |    220 |   1816 |   5 |  496.0 |
       Dungeon |   2480 |   2434 |     46 |    220 |   1816 |   5 |  496.0 |
               +--------+--------+--------+--------+--------+-----+--------+

Top non-repeatable levels by time:
     D:2: 814 daAuts
     D:4: 658 daAuts
     D:1: 554 daAuts
     D:3: 364 daAuts
     D:6: 88 daAuts
